Map: Eflorescencia EE

Players

MrFercho - Winner!

  • Race: Zerg Zerg
  • League: Silver
  • Spawn Location: 6:00

TATORREA - Winner!

  • Race: Protoss Protoss
  • League: Silver
  • Spawn Location: 9:00

CMoya

  • Race: Zerg Zerg
  • Spawn Location: 12:00

RAULSANDOVAL

  • Race: Protoss Protoss
  • League: Silver
  • Spawn Location: 3:00

VOD

Have the link to the VOD?

Description

Time

  • Played on: May 30, 2020, 8:04 p.m.
  • Length: 9:06
Show
View Real Time Build Order
Export as new Build Order

MrFercho Zerg - Winner!

Build Orders: 3 Hatch before Pool 

Get SALT Encoding   

  12  0:01  Drone  
  13  0:13  Drone  
  14  0:28  Extractor  
  14  0:30  Extractor  
  14  0:31  Drone x2  
  16  0:56  Hatchery  
  15  1:02  Overlord  
  15  1:05  Overlord  
  15  1:08  Overlord  
  15  1:28  Drone x2  
  17  1:46  Drone  
  18  1:47  Hatchery  
  18  1:53  Drone  
  18  2:01  Spawning Pool  
  17  2:08  Evolution Chamber  
  17  2:11  Drone x2  
  17  2:13  Drone  
  19  2:18  Extractor  
  19  2:22  Extractor  
  17  2:32  Drone x4  
  21  2:44  Drone x2  
  23  2:57  Drone x2  
  25  3:04  Drone x3  
  28  3:14  Metabolic Boost  
  28  3:16  Queen  
  30  3:28  Drone x6  
  36  3:35  Overlord  
  36  3:54  Lair  
  36  3:57  Drone x7  
  43  4:03  Extractor, Overlord  
  43  4:05  Extractor  
  41  4:10  Zerg Melee Weapons Level 1  
  41  4:22  Zergling x8  
  41  4:23  Zergling x4  
  47  4:42  Evolution Chamber  
  46  4:54  Spire  
  45  5:00  Infestation Pit  
  44  5:13  Drone  
  45  5:14  Drone x4  
  45  5:16  Overlord x3  
  45  5:17  Overlord  
  49  5:23  Hatchery  
  48  5:37  Hive  
  48  5:41  Zerg Ground Armor Level 1  
  48  5:54  Drone x4  
  48  5:55  Drone  
  53  6:08  Hatchery  
  53  6:10  Pneumatized Carapace  
  52  6:13  Extractor  
  52  6:14  Extractor  
  52  6:16  Overseer x3  
  52  6:17  Overseer  
  50  6:35  Zerg Flyer Weapons Level 1  
  50  6:46  Mutalisk x5  
  60  7:00  Drone  
  62  7:01  Drone x2  
  62  7:03  Drone x2  
  62  7:04  Drone x2  
  67  7:11  Overlord x3  
  67  7:12  Overlord x2  
  65  7:54  Zergling x2  
  65  7:55  Zergling x28  
Show
View Real Time Build Order
Export as new Build Order

TATORREA Protoss - Winner!

Build Orders:  

Get SALT Encoding   

  12  0:01  Probe  
  13  0:18  Probe  
  14  0:30  Probe  
  14  0:32  Pylon  
  15  0:50  Probe  
  16  1:03  Probe  
  17  1:11  Gateway  
  17  1:14  Gateway  
  17  1:15  Probe  
  18  1:26  Pylon  
  18  1:27  Probe  
  18  1:32  Assimilator  
  19  1:39  Assimilator, Probe  
  20  1:51  Probe  
  21  2:03  Probe  
  22  2:25  Nexus  
  22  2:29  Cybernetics Core  
  22  2:31  Pylon, Probe  
  23  2:45  Probe  
  24  2:54  Pylon  
  24  2:57  Pylon, Probe  
  25  3:00  Pylon  
  25  3:06  Stalker  
  25  3:08  Warp Gate  
  25  3:09  Probe  
  28  3:17  Stalker  
  30  3:21  Probe  
  31  3:33  Probe  
  32  3:54  Probe  
  33  3:57  Gateway, Probe  
  33  3:58  Gateway  
  33  4:01  Gateway  
  34  4:08  Probe  
  34  4:09  Probe  
  36  4:20  Probe  
  36  4:21  Probe  
  38  4:26  Twilight Council  
  38  4:28  Robotics Facility  
  38  4:32  Forge  
  38  4:34  Probe x2  
  40  4:47  Probe x2  
  42  5:00  Stalker  
  42  5:01  Stalker x2  
  42  5:02  Stalker  
  42  5:03  Stalker  
  52  5:13  Gateway, Protoss Ground Weapons Level 1  
  52  5:18  Pylon  
  52  5:20  Charge (Chrono Boost)  
  52  5:26  Observer  
  53  5:59  Probe x2, Nexus  
  55  6:11  Pylon  
  55  6:14  Pylon  
  55  6:17  Pylon, Probe x2  
  57  6:21  Pylon  
  57  6:22  Stalker x2  
  57  6:23  Stalker  
  57  6:24  Stalker x2, Assimilator  
  67  6:27  Stalker  
  67  6:29  Assimilator  
  67  6:30  Probe  
  67  6:31  Probe  
  71  6:50  Probe x2  
  73  6:55  Stalker  
  73  6:56  Stalker x3  
  73  6:58  Zealot  
  73  7:00  Zealot  
  85  7:11  Warp Prism  
  83  7:37  Stalker x3  
  83  7:38  Stalker x3  
  83  7:41  Probe x2  
  85  8:01  Stalker  
  85  8:02  Stalker x2  
  85  8:03  Stalker x2  
  95  8:13  Warp Prism  
Show
View Real Time Build Order
Export as new Build Order

CMoya Zerg 

Build Orders: Pool First 

Get SALT Encoding   

  12  0:01  Drone  
  13  0:08  Drone  
  14  0:20  Extractor  
  13  0:21  Extractor  
  13  0:22  Drone x2  
  16  0:29  Overlord  
  16  1:09  Spawning Pool  
  15  1:12  Drone x2  
  15  1:13  Hatchery  
  15  1:16  Extractor  
  15  1:21  Drone  
  16  1:31  Drone  
  17  1:42  Drone  
  18  2:01  Zergling x4  
  20  2:09  Extractor  
  20  2:12  Queen  
  21  2:16  Drone, Evolution Chamber  
  21  2:31  Zergling x2  
  21  2:32  Zergling x2  
  23  2:40  Drone  
  24  2:49  Spine Crawler  
  23  2:57  Drone, Spine Crawler  
  23  3:07  Queen  
  25  3:15  Roach Warren, Zerg Ground Armor Level 1  
  25  3:18  Zergling x2  
  25  3:31  Spine Crawler  
  24  3:47  Drone x3  
  27  5:33  Overlord x5  
  27  5:44  Metabolic Boost  
  27  5:46  Zerg Missile Weapons Level 1  
  27  5:48  Lair  
  27  5:51  Drone  
  27  5:52  Drone  
  31  6:04  Roach  
  31  6:13  Zergling x2  
  32  6:25  Roach  
  33  6:41  Zergling x2  
  34  6:49  Zergling x2  
  36  7:01  Zergling x2  
  36  7:29  Zergling x8  
  38  7:30  Zergling x2  
  39  7:50  Zergling x2  
  39  7:51  Zergling x2  
  31  8:11  Hydralisk Den  
  30  8:24  Zergling x6  
  31  8:38  Zergling x2  
Show
View Real Time Build Order
Export as new Build Order

RAULSANDOVAL Protoss 

Build Orders:  

Get SALT Encoding   

  12  0:06  Probe (Chrono Boost)  
  13  0:18  Probe (Chrono Boost)  
  14  0:28  Pylon  
  14  0:39  Pylon, Probe  
  15  0:53  Forge  
  15  1:05  Probe (Chrono Boost)  
  16  1:15  Probe (Chrono Boost)  
  16  1:18  Pylon  
  17  1:21  Probe (Chrono Boost)  
  17  1:22  Assimilator  
  18  1:31  Gateway  
  18  1:36  Photon Cannon  
  18  1:46  Photon Cannon  
  18  2:06  Gateway  
  18  2:18  Assimilator  
  18  2:22  Probe (Chrono Boost), Cybernetics Core  
  19  2:32  Probe (Chrono Boost)  
  19  2:37  Pylon, Probe (Chrono Boost)  
  21  2:50  Probe  
  22  2:56  Zealot  
  22  2:57  Zealot  
  26  3:02  Probe  
  27  3:08  Gateway  
  27  3:13  Pylon  
  27  3:17  Warp Gate  
  27  3:23  Pylon  
  27  3:24  Probe  
  28  3:43  Pylon  
  28  3:46  Stalker  
  28  3:47  Stalker  
  32  3:55  Protoss Ground Weapons Level 1  
  32  4:10  Twilight Council  
  32  4:24  Robotics Facility  
  32  4:34  Stalker  
  32  4:36  Stalker  
  38  4:38  Zealot  
  38  4:54  Charge  
  38  5:12  Photon Cannon  
  38  5:28  Nexus  
  38  5:31  Assimilator  
  38  5:35  Assimilator  
  38  5:41  Pylon  
  38  5:44  Stalker  
  38  5:49  Observer  
  41  6:02  Stalker  
  41  6:03  Stalker  
  45  6:11  Observer  
  46  6:32  Observer  
  47  6:59  Probe (Chrono Boost)  
  49  7:09  Probe (Chrono Boost)  
  49  7:10  Stalker x2  
  49  7:14  Probe (Chrono Boost)  
  54  7:25  Probe  
  55  7:37  Probe  
  36  8:00  Stalker x3  
  42  8:11  Probe (Chrono Boost)  
  40  8:21  Probe (Chrono Boost)  
  40  8:25  Probe (Chrono Boost)  
  40  8:31  Stalker x2  
  40  8:32  Stalker  
  47  8:37  Probe  
  42  8:49  Probe  
Tags
 
Add a new tag
Caveats
  • Supply blocks, unpowered buildings, or Contaminate may cause inaccurate times.
  • Supply counts are checked every 10 seconds.